Washington Capitals vs Vancouver Canucks

Created - Saturday, November 8, 2025 at 08:50

Goals
1 2 3 T
Washington Capitals 2 1 1 4
Vancouver Canucks 1 0 2 3
Shots
1 2 3 T
Washington Capitals 12 16 8 36
Vancouver Canucks 12 11 10 33

1st period

1. Washington Capitals , Tomas Hertl 17 (Ian Cole 12, Drake Batherson 31) at 6:18
2. Washington Capitals , Tomas Hertl 18 (Drake Batherson 32, Tyler Myers 19) at 10:42
3. Vancouver Canucks , Mikko Rantanen 39 (Clayton Keller 50) at 12:50

Penalties :
Nick Foligno (WSH) for Delaying the game (Minor) at 14:08, Tom Wilson (WSH) for Interference (Minor) at 18:37

2nd period

4. Washington Capitals , Alex Ovechkin 32 (Tom Wilson 37, John Carlson 33) at 18:46

Penalties :
Artturi Lehkonen (VAN) for Cross-checking (Minor) at 2:41, Nick Foligno (WSH) for Hooking (Minor) at 13:58

3rd period

5. Washington Capitals , Stefan Noesen 18 (Fabian Zetterlund 8, John Carlson 34) at 2:07
6. Vancouver Canucks , Aleksander Barkov 33 (Mikko Rantanen 51, Clayton Keller 51) at 11:30 (PP)
7. Vancouver Canucks , Aleksander Barkov 34 (Clayton Keller 52, Mikko Rantanen 52) at 18:13 (PP)

Penalties :
Joel Hanley (VAN) for Tripping (Minor) at 2:12, Tom Wilson (WSH) for Holding (Minor) at 10:34, Ian Cole (WSH) for Interference (Minor) at 16:18

Goalie Stats

Jake Oettinger (WSH), 30 saves from 33 shots - (0.909), W, 27-26-4, 60:00 minutes
Cam Talbot (VAN), 32 saves from 36 shots - (0.889), L, 17-16-3, 59:18 minutes

Players Stats for Washington Capitals

Player Name              G  A  P  +/- PIM S  H  SB GA TA FO     MP     PP MP  PK MP  
------------------------------------------------------------------------------------
Alex Ovechkin            1  0  1   0  0   4  4  1  1  0  0/0    16:29   2:03   0:00 
Drake Batherson          0  2  2   2  0   5  2  2  0  0  0/0    15:18   1:52   0:24 
Fabian Zetterlund        0  1  1   1  0   2  1  0  1  0  0/0     7:12   0:00   0:00 
Ian Cole                 0  1  1   1  2   1  1  2  0  0  0/0    20:09   0:00   3:23 
Jamie Oleksiak           0  0  0   0  0   1  0  2  0  1  0/0    14:56   0:00   0:42 
Jason Robertson          0  0  0   2  0   6  1  1  0  0  2/2    14:41   1:52   0:00 
John Carlson             0  2  2   1  0   1  0  0  0  1  0/0    23:06   1:58   4:05 
Lars Eller               0  0  0   1  0   1  1  0  0  0  6/10   12:05   0:03   4:13 
Marcus Johansson         0  0  0   0  0   1  0  0  0  0  1/1    13:54   0:03   2:03 
Nick Foligno             0  0  0   0  4   0  1  0  0  0  4/6    17:49   1:58   3:00 
Nick Jensen              0  0  0   0  0   2  1  1  0  0  0/0    14:14   0:00   0:00 
Nico Hischier            0  0  0   0  0   0  1  0  2  0  19/26  23:12   2:03   5:08 
Nikita Zadorov           0  0  0   2  0   0  0  3  0  0  0/0    20:07   0:00   4:43 
Owen Tippett             0  0  0   0  0   0  0  0  3  0  1/2    13:08   2:00   0:00 
Stefan Noesen            1  0  1   1  0   3  1  0  0  1  0/0     7:34   0:03   0:00 
Tom Wilson               0  1  1   0  4   4  1  0  0  2  0/2    20:13   2:03   2:36 
Tomas Hertl              2  0  2   2  0   4  1  1  0  0  11/16  14:53   1:52   0:12 
Tyler Myers              0  1  1   2  0   1  3  1  1  0  0/0    22:07   2:00   4:43 

Players Stats for Vancouver Canucks

Player Name              G  A  P  +/- PIM S  H  SB GA TA FO     MP     PP MP  PK MP  
------------------------------------------------------------------------------------
Aleksander Barkov        2  0  2  -1  0   3  2  0  0  1  5/13   19:07   4:46   1:51 
Anton Lundell            0  0  0  -1  0   0  0  0  0  0  2/2    13:08   0:00   1:43 
Artturi Lehkonen         0  0  0  -1  2   0  2  0  0  0  0/2    20:18   4:02   0:57 
Bobby McMann             0  0  0   0  0   2  0  1  1  2  1/1    11:19   0:00   0:00 
Brett Leason             0  0  0  -1  0   1  1  0  0  0  0/0     9:37   0:00   1:40 
Casey Mittelstadt        0  0  0  -1  0   1  1  0  0  0  4/12   12:54   4:02   0:27 
Clayton Keller           0  3  3  -1  0   3  1  0  0  1  3/23   21:07   4:46   0:17 
Connor Zary              0  0  0  -1  0   2  0  0  0  0  1/1    15:46   4:02   0:00 
Emil Martinsen Lilleberg 0  0  0  -1  0   1  1  1  0  0  0/0    12:46   0:00   0:40 
Jacob Bryson             0  0  0  -2  0   1  0  1  0  2  0/0    18:20   4:50   0:00 
Jake Bean                0  0  0  -1  0   0  0  0  0  0  0/0    13:54   0:00   1:47 
Jesperi Kotkaniemi       0  0  0   0  0   1  1  0  0  1  0/0    12:30   0:00   1:01 
Joel Hanley              0  0  0  -1  2   0  3  2  0  1  0/0    20:46   3:58   1:17 
Matias Maccelli          0  0  0  -1  0   2  0  0  0  0  0/0     7:57   0:00   0:00 
Mikko Rantanen           1  2  3  -1  0   9  1  1  3  0  0/1    20:50   4:46   0:00 
Miro Heiskanen           0  0  0  -1  0   3  0  3  1  0  0/0    26:36   4:50   2:01 
Ryan McDonagh            0  0  0   0  0   2  1  0  0  0  0/0    27:46   3:58   2:11 
Sean Couturier           0  0  0   0  0   2  1  0  0  0  5/10   11:19   0:00   0:00 

3 Stars

1 - Tomas Hertl (WSH)
2 - Drake Batherson (WSH)
3 - Aleksander Barkov (VAN)

Power Play

Washington Capitals - 0 on 2 Attempt(s) - 0.00%
Vancouver Canucks - 2 on 5 Attempt(s) - 40.00%

Penalty Kill

Washington Capitals - 3 on 5 Attempt(s) - 60.00% - Score 0 goal in Penalty Kill
Vancouver Canucks - 2 on 2 Attempt(s) - 100.00% - Score 0 goal in Penalty Kill

Team Stat

Washington Capitals - Hits : 19 - Faceoff Wins : 44 - Blocked Shots : 14 - Penalty Minutes : 10
Vancouver Canucks - Hits : 15 - Faceoff Wins : 21 - Blocked Shots : 9 - Penalty Minutes : 4

Official

Referees : Chris Schlenker and Tj Luxmore
Linesman : Derek Nansen and Dan Kelly

Game Notes

No Game Note

Finance

Level 1 -- Attendance: 4619 (76.98%) -- Ticket Income $457,281
Level 2 -- Attendance: 3761 (75.22%) -- Ticket Income $221,899
Level 3 -- Attendance: 2218 (73.93%) -- Ticket Income $75,412
Level 4 -- Attendance: 3535 (70.70%) -- Ticket Income $84,840
Luxury Box -- Attendance: 684 (68.40%) -- Ticket Income $136,116
Game was played at the Rogers Arena.
Total Attendance: 14817 (74.09%)
Total Ticket Income: $975,548
Other Income: $341,442
Total Income: $1,316,990

Washington Capitals

5 vs 5 Forward 
   Center                   Left Wing                Right Wing               Time % Phy DF OF 
 1 Nico Hischier            Alex Ovechkin            Tom Wilson               33     1   0  4  
 2 Tomas Hertl              Drake Batherson          Jason Robertson          31     0   1  4  
 3 Nick Foligno             Owen Tippett             Marcus Johansson         25     1   0  4  
 4 Lars Eller               Fabian Zetterlund        Stefan Noesen            11     2   0  3  

5 vs 5 Defense 
   Defense                  Defense                                           Time % Phy DF OF 
 1 John Carlson             Ian Cole                                          38     0   2  3  
 2 Nikita Zadorov           Tyler Myers                                       35     0   2  3  
 3 Jamie Oleksiak           Nick Jensen                                       27     0   3  2  
 4 Jamie Oleksiak           Nick Jensen                                       0      1   2  2  

PowerPlay Forward 
   Center                   Left Wing                Right Wing               Time % Phy DF OF 
 1 Nico Hischier            Alex Ovechkin            Tom Wilson               50     0   0  5  
 2 Tomas Hertl              Drake Batherson          Jason Robertson          50     0   0  5  

PowerPlay Defense
   Defense                  Defense                                           Time % Phy DF OF 
 1 John Carlson             Nick Foligno                                      50     0   2  3  
 2 Tyler Myers              Owen Tippett                                      50     0   2  3  

Penalty Kill 4 Players Forward 
   Center                   Wing                     Time % Phy DF OF 
 1 Nico Hischier            Tom Wilson               50     0   3  2  
 2 Lars Eller               Nick Foligno             50     0   3  2  

Penalty Kill 4 Players Defense
   Defense                  Defense                  Time % Phy DF OF 
 1 John Carlson             Ian Cole                 50     0   4  1  
 2 Nikita Zadorov           Tyler Myers              50     0   4  1  

Penalty Kill - 3 Players Forward 
   Forward                                           Time % Phy DF OF 
 1 Nick Foligno                                      50     0   5  0  
 2 Lars Eller                                        50     0   5  0  

Penalty Kill - 3 Players Defense
   Defense                  Defense                  Time % Phy DF OF 
 1 John Carlson             Ian Cole                 50     2   3  0  
 2 Nikita Zadorov           Tyler Myers              50     3   2  0  

4 vs 4 Forward 
   Center                   Wing                     Time % Phy DF OF 
 1 Nico Hischier            Owen Tippett             50     0   1  4  
 2 Tomas Hertl              Jason Robertson          50     0   1  4  

4 vs 4 Defense
   Defense                  Defense                  Time % Phy DF OF 
 1 John Carlson             Ian Cole                 50     0   2  3  
 2 Nikita Zadorov           Tyler Myers              50     0   2  3  

Last Minutes Offensive
   Center                   Left Wing                Right Wing               Defense                  Defense                  
   Nico Hischier            Tomas Hertl              Alex Ovechkin            John Carlson             Jason Robertson          

Last Minutes Defensive
   Center                   Left Wing                Right Wing               Defense                  Defense                  
   Nico Hischier            Nick Foligno             Tom Wilson               Nikita Zadorov           Jamie Oleksiak           

Goaltenders
Starting : Jake Oettinger           
Backup : Casey DeSmith            

Extra Forwards
Normal : Lars Eller, Stefan Noesen, Marcus Johansson - PP : Lars Eller, Stefan Noesen - PK : Nico Hischier
Extra Defensemen
Normal : Jamie Oleksiak, Nick Jensen, Tyler Myers - PP : Ian Cole - PK : Jamie Oleksiak, Nick Jensen
Penalty Shots
Jason Robertson, Lars Eller, Owen Tippett, Alex Ovechkin, Drake Batherson

Scratches
Sean Kuraly (Healthy), James van Riemsdyk (Healthy), Calvin Pickard (Healthy)

Vancouver Canucks

5 vs 5 Forward 
   Center                   Left Wing                Right Wing               Time % Phy DF OF 
 1 Clayton Keller           Artturi Lehkonen         Mikko Rantanen           37     1   1  3  
 2 Aleksander Barkov        Connor Zary              Anton Lundell            28     1   2  2  
 3 Sean Couturier           Jesperi Kotkaniemi       Bobby McMann             21     1   2  2  
 4 Casey Mittelstadt        Matias Maccelli          Brett Leason             14     1   3  1  

5 vs 5 Defense 
   Defense                  Defense                                           Time % Phy DF OF 
 1 Jacob Bryson             Miro Heiskanen                                    30     1   2  2  
 2 Ryan McDonagh            Joel Hanley                                       30     1   2  2  
 3 Jake Bean                Emil Martinsen Lilleberg                          25     1   2  2  
 4 Ryan McDonagh            Miro Heiskanen                                    15     1   2  2  

PowerPlay Forward 
   Center                   Left Wing                Right Wing               Time % Phy DF OF 
 1 Aleksander Barkov        Clayton Keller           Mikko Rantanen           50     0   1  4  
 2 Casey Mittelstadt        Connor Zary              Artturi Lehkonen         50     0   1  4  

PowerPlay Defense
   Defense                  Defense                                           Time % Phy DF OF 
 1 Jacob Bryson             Miro Heiskanen                                    50     0   1  4  
 2 Ryan McDonagh            Joel Hanley                                       50     0   1  4  

Penalty Kill 4 Players Forward 
   Center                   Wing                     Time % Phy DF OF 
 1 Anton Lundell            Brett Leason             50     1   2  2  
 2 Aleksander Barkov        Artturi Lehkonen         50     1   2  2  

Penalty Kill 4 Players Defense
   Defense                  Defense                  Time % Phy DF OF 
 1 Ryan McDonagh            Joel Hanley              50     1   2  2  
 2 Jake Bean                Miro Heiskanen           50     1   2  2  

Penalty Kill - 3 Players Forward 
   Forward                                           Time % Phy DF OF 
 1 Anton Lundell                                     50     1   2  2  
 2 Brett Leason                                      50     1   2  2  

Penalty Kill - 3 Players Defense
   Defense                  Defense                  Time % Phy DF OF 
 1 Ryan McDonagh            Joel Hanley              50     1   2  2  
 2 Jacob Bryson             Miro Heiskanen           50     1   2  2  

4 vs 4 Forward 
   Center                   Wing                     Time % Phy DF OF 
 1 Clayton Keller           Mikko Rantanen           50     1   2  2  
 2 Aleksander Barkov        Artturi Lehkonen         50     1   2  2  

4 vs 4 Defense
   Defense                  Defense                  Time % Phy DF OF 
 1 Emil Martinsen Lilleberg Miro Heiskanen           50     1   2  2  
 2 Ryan McDonagh            Joel Hanley              50     1   2  2  

Last Minutes Offensive
   Center                   Left Wing                Right Wing               Defense                  Defense                  
   Aleksander Barkov        Clayton Keller           Mikko Rantanen           Jacob Bryson             Miro Heiskanen           

Last Minutes Defensive
   Center                   Left Wing                Right Wing               Defense                  Defense                  
   Anton Lundell            Artturi Lehkonen         Brett Leason             Ryan McDonagh            Joel Hanley              

Goaltenders
Starting : Cam Talbot               
Backup : Justus Annunen           

Extra Forwards
Normal : Mikko Rantanen, Artturi Lehkonen, Clayton Keller - PP : Mikko Rantanen, Clayton Keller - PK : Anton Lundell
Extra Defensemen
Normal : Miro Heiskanen, Joel Hanley, Ryan McDonagh - PP : Miro Heiskanen - PK : Ryan McDonagh, Joel Hanley
Penalty Shots
Aleksander Barkov, Anton Lundell, Artturi Lehkonen, Jesperi Kotkaniemi, Mikko Rantanen

Scratches
Ty Dellandrea (Healthy), Noah Hanifin (Sprained Left Finger Injury), Jacob Bernard-Docker (Healthy), Eemil Viro (Healthy)

% Time on Ice - Washington Capitals

Lines # - Real PCT - Wanted PCT - Time Play
Normal Forward
1 - 31% - 33% - 14:27
2 - 29% - 31% - 13:20
3 - 24% - 25% - 11:08
4 - 16% - 11% - 7:12
Normal Defense
1 - 38% - 38% - 17:36
2 - 33% - 35% - 15:24
3 - 25% - 27% - 11:36
4 - 3% - 0% - 1:31
PP Forward
1 - 52% - 50% - 2:03
2 - 48% - 50% - 1:55
PP Defense
1 - 50% - 50% - 1:58
2 - 50% - 50% - 2:00
PK Forward
1 - 54% - 50% - 4:47
2 - 46% - 50% - 4:01
PK Defense
1 - 46% - 50% - 4:05
2 - 54% - 50% - 4:43
PK3 Forward
1 - 0% - 50%
2 - 0% - 50%
PK3 Defense
1 - 0% - 50%
2 - 0% - 50%
44 Forward
1 - 0% - 50%
2 - 0% - 50%
44 Defense
1 - 0% - 50%
2 - 0% - 50%
Last Minute Offensive  - 0:00
Last Minute Defensive  - 1:07
Total
Forward - 60:00
Defense - 60:00

% Time on Ice - Vancouver Canucks

Lines # - Real PCT - Wanted PCT - Time Play
Normal Forward
1 - 33% - 37% - 15:09
2 - 25% - 28% - 11:45
3 - 25% - 21% - 11:19
4 - 17% - 14% - 7:57
Normal Defense
1 - 30% - 30% - 13:39
2 - 29% - 30% - 13:36
3 - 26% - 25% - 11:57
4 - 15% - 15% - 6:58
PP Forward
1 - 54% - 50% - 4:46
2 - 46% - 50% - 4:02
PP Defense
1 - 55% - 50% - 4:50
2 - 45% - 50% - 3:58
PK Forward
1 - 46% - 50% - 1:50
2 - 54% - 50% - 2:08
PK Defense
1 - 59% - 50% - 2:21
2 - 41% - 50% - 1:37
PK3 Forward
1 - 0% - 50%
2 - 0% - 50%
PK3 Defense
1 - 0% - 50%
2 - 0% - 50%
44 Forward
1 - 0% - 50%
2 - 0% - 50%
44 Defense
1 - 0% - 50%
2 - 0% - 50%
Last Minute Offensive  - 1:04
Last Minute Defensive  - 0:00
Total
Forward - 60:00
Defense - 60:00

Play-by-Play

1st period


0:01 of 1st period - Nico Hischier wins face-off versus Clayton Keller in neutral zone.
0:26 of 1st period - Miro Heiskanen is hit by Drake Batherson and loses puck.
1:07 of 1st period - Matias Maccelli is hit by Tyler Myers and loses puck.
1:52 of 1st period - Off-side.
1:53 of 1st period - Nick Foligno wins face-off versus Sean Couturier in neutral zone.
2:18 of 1st period - Tomas Hertl is hit by Aleksander Barkov and loses puck.
2:49 of 1st period - Snap shot by Fabian Zetterlund.
2:49 of 1st period - Shot Misses the Net.
3:29 of 1st period - Snap shot by Drake Batherson.
3:29 of 1st period - Shot Misses the Net.
3:31 of 1st period - Snap shot by Nick Jensen.
3:31 of 1st period - Shot Blocked by Emil Martinsen Lilleberg.
4:15 of 1st period - Snap shot by Fabian Zetterlund.
4:15 of 1st period - Stopped by Cam Talbot with a rebound.
4:17 of 1st period - Slapshot by Nikita Zadorov.
4:17 of 1st period - Shot Misses the Net.
4:33 of 1st period - Snap shot by Brett Leason.
4:33 of 1st period - Stopped by Jake Oettinger without a rebound.
4:34 of 1st period - Aleksander Barkov wins face-off versus Nico Hischier in Washington Capitals zone.
5:12 of 1st period - Snap shot by Alex Ovechkin.
5:12 of 1st period - Stopped by Cam Talbot with a rebound.
5:24 of 1st period - Wrist shot by Mikko Rantanen.
5:24 of 1st period - Stopped by Jake Oettinger with a rebound.
5:34 of 1st period - Wrist shot by Mikko Rantanen.
5:34 of 1st period - Stopped by Jake Oettinger with a rebound.
5:44 of 1st period - Snap shot by Aleksander Barkov.
5:44 of 1st period - Shot Blocked by Jamie Oleksiak.
5:46 of 1st period - Slapshot by Ryan McDonagh.
5:46 of 1st period - Stopped by Jake Oettinger with a rebound.
6:12 of 1st period - Snap shot by Jason Robertson.
6:12 of 1st period - Stopped by Cam Talbot without a rebound.
6:13 of 1st period - Tomas Hertl wins face-off versus Clayton Keller in Vancouver Canucks zone.
6:14 of 1st period - Wrist shot by Drake Batherson.
6:14 of 1st period - Stopped by Cam Talbot with a rebound.
6:16 of 1st period - Snap shot by Ian Cole.
6:16 of 1st period - Shot Blocked by Mikko Rantanen.
6:18 of 1st period - Slapshot by Ian Cole.
6:18 of 1st period - Deflect By Tomas Hertl.
6:18 of 1st period - Goal by Tomas Hertl - Washington Capitals : 1 - Vancouver Canucks : 0.
6:19 of 1st period - Tomas Hertl wins face-off versus Clayton Keller in neutral zone.
7:11 of 1st period - Snap shot by Bobby McMann.
7:11 of 1st period - Deflect By John Carlson.
7:11 of 1st period - Shot Misses the Net.
7:11 of 1st period - Puck is out of play.
7:12 of 1st period - Owen Tippett wins face-off versus Sean Couturier in Washington Capitals zone.
7:43 of 1st period - Snap shot by Jason Robertson.
7:43 of 1st period - Stopped by Cam Talbot with a rebound.
7:45 of 1st period - Slapshot by Drake Batherson.
7:45 of 1st period - Stopped by Cam Talbot without a rebound.
7:46 of 1st period - Nico Hischier wins face-off versus Casey Mittelstadt in Vancouver Canucks zone.
8:18 of 1st period - Wrist shot by Mikko Rantanen.
8:18 of 1st period - Stopped by Jake Oettinger with a rebound.
8:20 of 1st period - Snap shot by Ryan McDonagh.
8:20 of 1st period - Stopped by Jake Oettinger without a rebound.
8:21 of 1st period - Tomas Hertl wins face-off versus Aleksander Barkov in Washington Capitals zone.
9:08 of 1st period - Off-side.
9:09 of 1st period - Bobby McMann wins face-off versus Tom Wilson in neutral zone.
9:41 of 1st period - Snap shot by Tomas Hertl.
9:41 of 1st period - Stopped by Cam Talbot with a rebound.
9:43 of 1st period - Snap shot by Jason Robertson.
9:43 of 1st period - Stopped by Cam Talbot with a rebound.
9:45 of 1st period - Slapshot by Ian Cole.
9:45 of 1st period - Stopped by Cam Talbot with a rebound.
10:15 of 1st period - Jamie Oleksiak is hit by Casey Mittelstadt and loses puck.
10:42 of 1st period - Snap shot by Tomas Hertl.
10:42 of 1st period - Goal by Tomas Hertl - Washington Capitals : 2 - Vancouver Canucks : 0.
10:43 of 1st period - Nico Hischier wins face-off versus Clayton Keller in neutral zone.
10:58 of 1st period - Snap shot by Mikko Rantanen.
10:58 of 1st period - Stopped by Jake Oettinger with a rebound.
12:28 of 1st period - Wrist shot by Drake Batherson.
12:28 of 1st period - Stopped by Cam Talbot without a rebound.
12:29 of 1st period - Nick Foligno wins face-off versus Sean Couturier in Vancouver Canucks zone.
12:42 of 1st period - Snap shot by Bobby McMann.
12:42 of 1st period - Shot Misses the Net.
12:44 of 1st period - Slapshot by Bobby McMann.
12:44 of 1st period - Stopped by Jake Oettinger without a rebound.
12:45 of 1st period - Clayton Keller wins face-off versus Nico Hischier in Washington Capitals zone.
12:50 of 1st period - Wrist shot by Clayton Keller.
12:50 of 1st period - Deflect By Mikko Rantanen.
12:50 of 1st period - Goal by Mikko Rantanen - Washington Capitals : 2 - Vancouver Canucks : 1.
12:51 of 1st period - Nick Foligno wins face-off versus Clayton Keller in neutral zone.
12:54 of 1st period - Snap shot by Owen Tippett.
12:54 of 1st period - Shot Misses the Net.
13:18 of 1st period - Anton Lundell is hit by Nick Jensen and loses puck.
13:25 of 1st period - Backhand shot by Jacob Bryson.
13:25 of 1st period - Deflect By Aleksander Barkov.
13:25 of 1st period - Stopped by Jake Oettinger without a rebound.
13:26 of 1st period - Nico Hischier wins face-off versus Aleksander Barkov in Washington Capitals zone.
14:08 of 1st period - Minor Penalty to Nick Foligno for Delaying the game.
14:09 of 1st period - Nico Hischier wins face-off versus Aleksander Barkov in Washington Capitals zone.
15:11 of 1st period - Icing by Ryan McDonagh.
15:12 of 1st period - Aleksander Barkov wins face-off versus Nico Hischier in Vancouver Canucks zone.
15:19 of 1st period - Nico Hischier is hit by Mikko Rantanen and loses puck.
15:45 of 1st period - Snap shot by Clayton Keller.
15:45 of 1st period - Stopped by Jake Oettinger without a rebound.
15:46 of 1st period - Casey Mittelstadt wins face-off versus Lars Eller in Washington Capitals zone.
16:03 of 1st period - Slapshot by Casey Mittelstadt.
16:03 of 1st period - Shot Blocked by Ian Cole.
16:08 of 1st period - Penalty to Nick Foligno is over, Nick Foligno is back on ice.
17:03 of 1st period - Slapshot by Anton Lundell.
17:03 of 1st period - Shot Misses the Net.
17:05 of 1st period - Slapshot by Connor Zary.
17:05 of 1st period - Shot Misses the Net.
17:07 of 1st period - Slapshot by Emil Martinsen Lilleberg.
17:07 of 1st period - Deflect By Anton Lundell.
17:07 of 1st period - Shot Hit the Post.
17:07 of 1st period - Puck is out of play.
17:08 of 1st period - Nico Hischier wins face-off versus Clayton Keller in Washington Capitals zone.
17:34 of 1st period - Icing by Tom Wilson.
17:35 of 1st period - Tomas Hertl wins face-off versus Aleksander Barkov in Washington Capitals zone.
18:29 of 1st period - Wrist shot by Sean Couturier.
18:29 of 1st period - Stopped by Jake Oettinger with a rebound.
18:37 of 1st period - Minor Penalty to Tom Wilson for Interference.
18:38 of 1st period - Nico Hischier wins face-off versus Casey Mittelstadt in Washington Capitals zone.
19:05 of 1st period - Nikita Zadorov is hit by Aleksander Barkov and loses puck.
Goals for this period are 2 for Washington Capitals vs 1 for Vancouver Canucks.
Shots for this period are 12 for Washington Capitals vs 12 for Vancouver Canucks.

2nd period


0:01 of 2nd period - Casey Mittelstadt wins face-off versus Lars Eller in neutral zone.
0:13 of 2nd period - Wrist shot by Artturi Lehkonen.
0:13 of 2nd period - Shot Misses the Net.
0:15 of 2nd period - Slapshot by Connor Zary.
0:15 of 2nd period - Stopped by Jake Oettinger without a rebound.
0:16 of 2nd period - Nico Hischier wins face-off versus Clayton Keller in Washington Capitals zone.
0:24 of 2nd period - Off-side.
0:25 of 2nd period - Aleksander Barkov wins face-off versus Lars Eller in neutral zone.
0:28 of 2nd period - Snap shot by Mikko Rantanen.
0:28 of 2nd period - Stopped by Jake Oettinger without a rebound.
0:29 of 2nd period - Lars Eller wins face-off versus Casey Mittelstadt in Washington Capitals zone.
0:37 of 2nd period - Penalty to Tom Wilson is over, Tom Wilson is back on ice.
0:38 of 2nd period - Wrist shot by Tom Wilson.
0:38 of 2nd period - Stopped by Cam Talbot without a rebound.
0:39 of 2nd period - Tomas Hertl wins face-off versus Casey Mittelstadt in Vancouver Canucks zone.
0:44 of 2nd period - Snap shot by Jason Robertson.
0:44 of 2nd period - Stopped by Cam Talbot with a rebound.
0:50 of 2nd period - Snap shot by Miro Heiskanen.
0:50 of 2nd period - Stopped by Jake Oettinger without a rebound.
0:51 of 2nd period - Nico Hischier wins face-off versus Clayton Keller in Washington Capitals zone.
0:51 of 2nd period - Nico Hischier is hit by Artturi Lehkonen.
0:59 of 2nd period - Wrist shot by Alex Ovechkin.
0:59 of 2nd period - Shot Misses the Net.
1:05 of 2nd period - Wrist shot by Nico Hischier.
1:05 of 2nd period - Shot Blocked by Miro Heiskanen.
1:07 of 2nd period - Snap shot by Tom Wilson.
1:07 of 2nd period - Stopped by Cam Talbot without a rebound.
1:08 of 2nd period - Jason Robertson wins face-off versus Aleksander Barkov in Vancouver Canucks zone.
1:54 of 2nd period - Icing by Miro Heiskanen.
1:55 of 2nd period - Sean Couturier wins face-off versus Nick Foligno in Vancouver Canucks zone.
2:24 of 2nd period - Icing by Drake Batherson.
2:25 of 2nd period - Jason Robertson wins face-off versus Clayton Keller in Washington Capitals zone.
2:25 of 2nd period - Jason Robertson is hit by Artturi Lehkonen.
2:31 of 2nd period - Slapshot by Drake Batherson.
2:31 of 2nd period - Stopped by Cam Talbot with a rebound.
2:33 of 2nd period - Wrist shot by Drake Batherson.
2:33 of 2nd period - Stopped by Cam Talbot with a rebound.
2:35 of 2nd period - Slapshot by Nikita Zadorov.
2:35 of 2nd period - Shot Misses the Net.
2:37 of 2nd period - Slapshot by Jason Robertson.
2:37 of 2nd period - Stopped by Cam Talbot without a rebound.
2:38 of 2nd period - Nico Hischier wins face-off versus Clayton Keller in Vancouver Canucks zone.
2:39 of 2nd period - Wrist shot by Tom Wilson.
2:39 of 2nd period - Shot Misses the Net.
2:41 of 2nd period - Minor Penalty to Artturi Lehkonen for Cross-checking.
2:42 of 2nd period - Anton Lundell wins face-off versus Tom Wilson in Vancouver Canucks zone.
3:08 of 2nd period - John Carlson is hit by Joel Hanley and loses puck.
3:31 of 2nd period - Aleksander Barkov is hit by Alex Ovechkin and loses puck.
4:41 of 2nd period - Penalty to Artturi Lehkonen is over, Artturi Lehkonen is back on ice.
5:24 of 2nd period - Snap shot by Matias Maccelli.
5:24 of 2nd period - Stopped by Jake Oettinger without a rebound.
5:25 of 2nd period - Tomas Hertl wins face-off versus Casey Mittelstadt in Washington Capitals zone.
5:30 of 2nd period - Snap shot by Tomas Hertl.
5:30 of 2nd period - Stopped by Cam Talbot with a rebound.
5:40 of 2nd period - Wrist shot by Matias Maccelli.
5:40 of 2nd period - Stopped by Jake Oettinger without a rebound.
5:41 of 2nd period - Nico Hischier wins face-off versus Clayton Keller in Washington Capitals zone.
5:41 of 2nd period - Nico Hischier is hit by Joel Hanley.
5:49 of 2nd period - Slapshot by Alex Ovechkin.
5:49 of 2nd period - Shot Misses the Net.
5:51 of 2nd period - Snap shot by Tom Wilson.
5:51 of 2nd period - Shot Misses the Net.
5:53 of 2nd period - Snap shot by Nico Hischier.
5:53 of 2nd period - Shot Misses the Net.
6:39 of 2nd period - Emil Martinsen Lilleberg is hit by Lars Eller and loses puck.
6:58 of 2nd period - Casey Mittelstadt is hit by Tomas Hertl and loses puck.
7:28 of 2nd period - Snap shot by Marcus Johansson.
7:28 of 2nd period - Stopped by Cam Talbot with a rebound.
7:30 of 2nd period - Slapshot by Nick Foligno.
7:30 of 2nd period - Shot Blocked by Jacob Bryson.
7:32 of 2nd period - Slapshot by Nick Jensen.
7:32 of 2nd period - Stopped by Cam Talbot without a rebound.
7:33 of 2nd period - Aleksander Barkov wins face-off versus Nico Hischier in Vancouver Canucks zone.
7:42 of 2nd period - Snap shot by Tom Wilson.
7:42 of 2nd period - Stopped by Cam Talbot without a rebound.
7:43 of 2nd period - Nico Hischier wins face-off versus Aleksander Barkov in Vancouver Canucks zone.
8:20 of 2nd period - Wrist shot by Tom Wilson.
8:20 of 2nd period - Deflect By Alex Ovechkin.
8:20 of 2nd period - Stopped by Cam Talbot without a rebound.
8:21 of 2nd period - Tomas Hertl wins face-off versus Clayton Keller in Vancouver Canucks zone.
8:57 of 2nd period - Snap shot by Marcus Johansson.
8:57 of 2nd period - Shot Blocked by Bobby McMann.
9:35 of 2nd period - Snap shot by Alex Ovechkin.
9:35 of 2nd period - Stopped by Cam Talbot with a rebound.
10:21 of 2nd period - Slapshot by Jesperi Kotkaniemi.
10:21 of 2nd period - Stopped by Jake Oettinger without a rebound.
10:22 of 2nd period - Connor Zary wins face-off versus Tomas Hertl in Washington Capitals zone.
11:12 of 2nd period - Snap shot by Owen Tippett.
11:12 of 2nd period - Shot Misses the Net.
11:30 of 2nd period - Ian Cole is hit by Brett Leason.
11:34 of 2nd period - Slapshot by John Carlson.
11:34 of 2nd period - Stopped by Cam Talbot without a rebound.
11:35 of 2nd period - Clayton Keller wins face-off versus Lars Eller in Vancouver Canucks zone.
11:44 of 2nd period - Wrist shot by Clayton Keller.
11:44 of 2nd period - Stopped by Jake Oettinger without a rebound.
11:45 of 2nd period - Tomas Hertl wins face-off versus Clayton Keller in Washington Capitals zone.
12:02 of 2nd period - Artturi Lehkonen is hit by Jason Robertson and loses puck.
12:37 of 2nd period - Nick Foligno is hit by Ryan McDonagh and loses puck.
12:54 of 2nd period - Brett Leason is hit by Fabian Zetterlund and loses puck.
12:58 of 2nd period - Icing by Joel Hanley.
12:59 of 2nd period - Casey Mittelstadt wins face-off versus Tomas Hertl in Vancouver Canucks zone.
13:12 of 2nd period - Wrist shot by Brett Leason.
13:12 of 2nd period - Shot Blocked by Nikita Zadorov.
13:14 of 2nd period - Slapshot by Brett Leason.
13:14 of 2nd period - Shot Blocked by Nikita Zadorov.
13:16 of 2nd period - Wrist shot by Matias Maccelli.
13:16 of 2nd period - Shot Misses the Net.
13:18 of 2nd period - Snap shot by Brett Leason.
13:18 of 2nd period - Shot Hit the Post.
13:20 of 2nd period - Slapshot by Emil Martinsen Lilleberg.
13:20 of 2nd period - Shot Blocked by Tomas Hertl.
13:44 of 2nd period - Mikko Rantanen is hit by Tyler Myers and loses puck.
13:58 of 2nd period - Minor Penalty to Nick Foligno for Hooking.
13:59 of 2nd period - Lars Eller wins face-off versus Casey Mittelstadt in Washington Capitals zone.
14:26 of 2nd period - Ryan McDonagh is hit by Ian Cole.
15:58 of 2nd period - Penalty to Nick Foligno is over, Nick Foligno is back on ice.
16:01 of 2nd period - Icing by Nikita Zadorov.
16:02 of 2nd period - Sean Couturier wins face-off versus Nico Hischier in Washington Capitals zone.
16:03 of 2nd period - Slapshot by Bobby McMann.
16:03 of 2nd period - Stopped by Jake Oettinger with a rebound.
16:05 of 2nd period - Wrist shot by Sean Couturier.
16:05 of 2nd period - Shot Blocked by Nikita Zadorov.
16:07 of 2nd period - Wrist shot by Jake Bean.
16:07 of 2nd period - Deflect By Jesperi Kotkaniemi.
16:07 of 2nd period - Shot Misses the Net.
16:07 of 2nd period - Puck is out of play.
16:08 of 2nd period - Sean Couturier wins face-off versus Tomas Hertl in Washington Capitals zone.
16:11 of 2nd period - Wrist shot by Jesperi Kotkaniemi.
16:11 of 2nd period - Shot Blocked by Drake Batherson.
16:13 of 2nd period - Slapshot by Emil Martinsen Lilleberg.
16:13 of 2nd period - Shot Blocked by Jason Robertson.
16:15 of 2nd period - Snap shot by Sean Couturier.
16:15 of 2nd period - Shot Blocked by Drake Batherson.
16:17 of 2nd period - Slapshot by Emil Martinsen Lilleberg.
16:17 of 2nd period - Deflect By Ian Cole.
16:17 of 2nd period - Stopped by Jake Oettinger without a rebound.
16:18 of 2nd period - Tomas Hertl wins face-off versus Clayton Keller in Washington Capitals zone.
16:44 of 2nd period - Ian Cole is hit by Joel Hanley and loses puck.
17:52 of 2nd period - Slapshot by Clayton Keller.
17:52 of 2nd period - Shot Blocked by Jamie Oleksiak.
17:56 of 2nd period - Snap shot by Clayton Keller.
17:56 of 2nd period - Shot Blocked by Nick Jensen.
18:25 of 2nd period - Slapshot by Jason Robertson.
18:25 of 2nd period - Stopped by Cam Talbot with a rebound.
18:31 of 2nd period - Wrist shot by Connor Zary.
18:31 of 2nd period - Stopped by Jake Oettinger without a rebound.
18:32 of 2nd period - Nico Hischier wins face-off versus Artturi Lehkonen in Washington Capitals zone.
18:36 of 2nd period - Off-side.
18:37 of 2nd period - Nico Hischier wins face-off versus Clayton Keller in neutral zone.
18:44 of 2nd period - Wrist shot by Tom Wilson.
18:44 of 2nd period - Stopped by Cam Talbot with a rebound.
18:46 of 2nd period - Wrist shot by Alex Ovechkin.
18:46 of 2nd period - Goal by Alex Ovechkin - Washington Capitals : 3 - Vancouver Canucks : 1.
18:47 of 2nd period - Nico Hischier wins face-off versus Artturi Lehkonen in neutral zone.
18:50 of 2nd period - Mikko Rantanen is hit by Tom Wilson and loses puck.
19:03 of 2nd period - Slapshot by Nico Hischier.
19:03 of 2nd period - Shot Blocked by Miro Heiskanen.
19:36 of 2nd period - Slapshot by Sean Couturier.
19:36 of 2nd period - Stopped by Jake Oettinger without a rebound.
19:37 of 2nd period - Tomas Hertl wins face-off versus Sean Couturier in Washington Capitals zone.
Goals for this period are 1 for Washington Capitals vs 0 for Vancouver Canucks.
Shots for this period are 16 for Washington Capitals vs 11 for Vancouver Canucks.

3rd period


0:01 of 3rd period - Nico Hischier wins face-off versus Clayton Keller in neutral zone.
0:26 of 3rd period - Nico Hischier is hit by Sean Couturier and loses puck.
0:33 of 3rd period - Snap shot by Nick Jensen.
0:33 of 3rd period - Shot Misses the Net.
0:56 of 3rd period - Slapshot by Alex Ovechkin.
0:56 of 3rd period - Shot Blocked by Joel Hanley.
1:08 of 3rd period - Wrist shot by Tom Wilson.
1:08 of 3rd period - Shot Misses the Net.
1:10 of 3rd period - Slapshot by Tyler Myers.
1:10 of 3rd period - Stopped by Cam Talbot without a rebound.
1:11 of 3rd period - Marcus Johansson wins face-off versus Mikko Rantanen in Vancouver Canucks zone.
2:05 of 3rd period - Wrist shot by Stefan Noesen.
2:05 of 3rd period - Shot Blocked by Miro Heiskanen.
2:07 of 3rd period - Snap shot by Stefan Noesen.
2:07 of 3rd period - Goal by Stefan Noesen - Washington Capitals : 4 - Vancouver Canucks : 1.
2:08 of 3rd period - Nick Foligno wins face-off versus Clayton Keller in neutral zone.
2:12 of 3rd period - Minor Penalty to Joel Hanley for Tripping.
2:13 of 3rd period - Anton Lundell wins face-off versus Tomas Hertl in Vancouver Canucks zone.
2:21 of 3rd period - Jake Bean is hit by Tyler Myers and loses puck.
4:05 of 3rd period - Nico Hischier is hit by Jesperi Kotkaniemi and loses puck.
4:12 of 3rd period - Penalty to Joel Hanley is over, Joel Hanley is back on ice.
4:20 of 3rd period - Wrist shot by Stefan Noesen.
4:20 of 3rd period - Stopped by Cam Talbot without a rebound.
4:21 of 3rd period - Lars Eller wins face-off versus Sean Couturier in Vancouver Canucks zone.
4:22 of 3rd period - Snap shot by Fabian Zetterlund.
4:22 of 3rd period - Shot Blocked by Joel Hanley.
4:24 of 3rd period - Snap shot by Jamie Oleksiak.
4:24 of 3rd period - Stopped by Cam Talbot with a rebound.
4:26 of 3rd period - Slapshot by Nick Jensen.
4:26 of 3rd period - Stopped by Cam Talbot without a rebound.
4:27 of 3rd period - Sean Couturier wins face-off versus Tomas Hertl in Vancouver Canucks zone.
5:13 of 3rd period - Snap shot by Sean Couturier.
5:13 of 3rd period - Shot Blocked by Tyler Myers.
6:10 of 3rd period - Wrist shot by Stefan Noesen.
6:10 of 3rd period - Deflect By Sean Couturier.
6:10 of 3rd period - Stopped by Cam Talbot with a rebound.
6:46 of 3rd period - Snap shot by Fabian Zetterlund.
6:46 of 3rd period - Shot Misses the Net.
6:48 of 3rd period - Wrist shot by Fabian Zetterlund.
6:48 of 3rd period - Deflect By Lars Eller.
6:48 of 3rd period - Stopped by Cam Talbot with a rebound.
6:50 of 3rd period - Wrist shot by Fabian Zetterlund.
6:50 of 3rd period - Stopped by Cam Talbot without a rebound.
6:51 of 3rd period - Clayton Keller wins face-off versus Nico Hischier in Vancouver Canucks zone.
7:18 of 3rd period - Marcus Johansson is hit by Emil Martinsen Lilleberg and loses puck.
7:25 of 3rd period - Snap shot by Connor Zary.
7:25 of 3rd period - Shot Blocked by Ian Cole.
7:59 of 3rd period - Ryan McDonagh is hit by Alex Ovechkin and loses puck.
8:14 of 3rd period - Snap shot by Mikko Rantanen.
8:14 of 3rd period - Stopped by Jake Oettinger with a rebound.
8:37 of 3rd period - Aleksander Barkov is hit by Alex Ovechkin and loses puck.
9:18 of 3rd period - Brett Leason is hit by Nick Foligno and loses puck.
10:34 of 3rd period - Minor Penalty to Tom Wilson for Holding.
10:35 of 3rd period - Nico Hischier wins face-off versus Aleksander Barkov in Washington Capitals zone.
11:09 of 3rd period - Snap shot by Casey Mittelstadt.
11:09 of 3rd period - Stopped by Jake Oettinger with a rebound.
11:11 of 3rd period - Slapshot by Jacob Bryson.
11:11 of 3rd period - Stopped by Jake Oettinger without a rebound.
11:12 of 3rd period - Lars Eller wins face-off versus Aleksander Barkov in Washington Capitals zone.
11:20 of 3rd period - Off-side.
11:21 of 3rd period - Aleksander Barkov wins face-off versus Nico Hischier in neutral zone.
11:24 of 3rd period - Slapshot by Mikko Rantanen.
11:24 of 3rd period - Shot Misses the Net.
11:26 of 3rd period - Wrist shot by Clayton Keller.
11:26 of 3rd period - Shot Misses the Net.
11:28 of 3rd period - Snap shot by Mikko Rantanen.
11:28 of 3rd period - Stopped by Jake Oettinger with a rebound.
11:30 of 3rd period - Snap shot by Aleksander Barkov.
11:30 of 3rd period - Goal by Aleksander Barkov - Washington Capitals : 4 - Vancouver Canucks : 2.
11:31 of 3rd period - Nico Hischier wins face-off versus Clayton Keller in neutral zone.
11:40 of 3rd period - Snap shot by Mikko Rantanen.
11:40 of 3rd period - Shot Misses the Net.
11:44 of 3rd period - Wrist shot by Mikko Rantanen.
11:44 of 3rd period - Shot Misses the Net.
11:46 of 3rd period - Wrist shot by Clayton Keller.
11:46 of 3rd period - Stopped by Jake Oettinger with a rebound.
11:48 of 3rd period - Snap shot by Clayton Keller.
11:48 of 3rd period - Shot Misses the Net.
12:50 of 3rd period - Slapshot by Sean Couturier.
12:50 of 3rd period - Shot Misses the Net.
12:52 of 3rd period - Slapshot by Miro Heiskanen.
12:52 of 3rd period - Stopped by Jake Oettinger without a rebound.
12:53 of 3rd period - Nico Hischier wins face-off versus Clayton Keller in Washington Capitals zone.
13:08 of 3rd period - Snap shot by Mikko Rantanen.
13:08 of 3rd period - Shot Misses the Net.
13:10 of 3rd period - Slapshot by Jake Bean.
13:10 of 3rd period - Shot Blocked by Alex Ovechkin.
14:10 of 3rd period - Clayton Keller is hit by Stefan Noesen and loses puck.
14:40 of 3rd period - Off-side.
14:41 of 3rd period - Tomas Hertl wins face-off versus Clayton Keller in neutral zone.
14:50 of 3rd period - Snap shot by Jason Robertson.
14:50 of 3rd period - Shot Misses the Net.
14:58 of 3rd period - Mikko Rantanen is hit by Drake Batherson and loses puck.
15:09 of 3rd period - Artturi Lehkonen is hit by Alex Ovechkin.
15:17 of 3rd period - Nick Jensen is hit by Clayton Keller and loses puck.
15:47 of 3rd period - Snap shot by Stefan Noesen.
15:47 of 3rd period - Shot Misses the Net.
15:55 of 3rd period - Slapshot by Miro Heiskanen.
15:55 of 3rd period - Deflect By Stefan Noesen.
15:55 of 3rd period - Stopped by Jake Oettinger without a rebound.
15:56 of 3rd period - Casey Mittelstadt wins face-off versus Owen Tippett in Washington Capitals zone.
16:18 of 3rd period - Minor Penalty to Ian Cole for Interference.
16:19 of 3rd period - Lars Eller wins face-off versus Casey Mittelstadt in Washington Capitals zone.
17:22 of 3rd period - Icing by Connor Zary.
17:23 of 3rd period - Lars Eller wins face-off versus Casey Mittelstadt in Vancouver Canucks zone.
18:13 of 3rd period - Slapshot by Clayton Keller.
18:13 of 3rd period - Deflect By Aleksander Barkov.
18:13 of 3rd period - Goal by Aleksander Barkov - Washington Capitals : 4 - Vancouver Canucks : 3.
18:14 of 3rd period - Sean Couturier wins face-off versus Nick Foligno in neutral zone.
19:18 of 3rd period - Vancouver Canucks, Cam Talbot is pulled from the net.
19:42 of 3rd period - Joel Hanley is hit by Nico Hischier.
19:50 of 3rd period - Slapshot by Mikko Rantanen.
19:50 of 3rd period - Stopped by Jake Oettinger with a rebound.
Goals for this period are 1 for Washington Capitals vs 2 for Vancouver Canucks.
Shots for this period are 8 for Washington Capitals vs 10 for Vancouver Canucks.